 Dungeon Crawl Stone Soup version 0.16.2-12-gd0ad4c3 (webtiles) character file.

1601832 kraktruk the Axe Maniac (level 27, 115/197 HPs)
             Began as a Minotaur Fighter on Oct 7, 2015.
             Was the Champion of Yredelemnul.
             Escaped with the Orb
             ... and 3 runes on Oct 14, 2015!
             The game lasted 09:15:38 (78952 turns).

kraktruk the Axe Maniac (Minotaur Fighter)         Turns: 78952, Time: 09:15:39

Health: 115/197    AC: 54    Str: 32 (33) XL:     27
Magic:  22/35      EV: 33    Int:  2      God:    Yredelemnul [******]
Gold:   6713       SH:  0    Dex: 32 (33) Spells: 0 memorised, 26 levels left

rFire  + . .     SeeInvis +     d - +3 executioner's axe "Umicuthro" {freeze, MR+ Dex+3}
rCold  . . .     Rnd*Rage +     k - +15 Maxwell's patent armour {-Cast -Tele rElec MR+ rCorr}
rNeg   + . .     SustAb   .     (no shield)
rPois  .         Gourm    .     I - +2 hat {Spirit}
rElec  +         Spirit   +     l - +2 cloak
rCorr  +         Warding  .     C - +2 pair of gloves
rMut   .         NoTele   +     D - +1 pair of boots of the Vaults {SInv}
MR     ++++.     NoCast   +     G - amulet "Mahaofut" {+Fly rN+ Regen+ Str+6 Int-4 Dex+10}
Stlth  ..........               q - ring of Life {rF+ Str+2 Int+3}
                                r - +5 ring of strength

@: incredibly resistant to hostile enchantments, extremely unstealthy
A: retaliatory headbutt, horns 2, iridescent scales 1, berserk 1, blurry vision
2, clumsy 1, deterioration 1, dopey 1, frail 2, low mp 1, teleportitis 2, weak
1, forlorn, MP-powered wands 2
a: Animate Dead, Recall Undead Slaves, Injury Mirror, Drain Life, Enslave Soul,
Renounce Religion, Evoke Flight
0: Orb of Zot
}: 3/15 runes: decaying, serpentine, silver


You escaped.
You worshipped Yredelemnul.
Yredelemnul was exalted by your worship.
You were not hungry.

You visited 12 branches of the dungeon, and saw 62 of its levels.
You visited 1 bazaar.
You also visited: Ossuary.

You collected 7836 gold pieces.
You spent 1123 gold pieces at shops.

Inventory:

Hand weapons
 b - a +0 demon whip of electrocution
 d - the +3 executioner's axe "Umicuthro" (weapon) {freeze, MR+ Dex+3}
   (You acquired it on level 8 of the Lair of Beasts)

   It has been specially enchanted to freeze those struck by it, causing extra
   injury to most foes and up to half again as much damage against particularly
   susceptible opponents.
   It can also slow down cold-blooded creatures.
   It affects your dexterity (+3).
   It affects your resistance to hostile enchantments.
Armour
 k - the +15 Maxwell's patent armour (worn) {-Cast -Tele rElec MR+ rCorr}
   (You acquired it on level 8 of the Lair of Beasts)

   It insulates you from electricity.
   It affects your resistance to hostile enchantments.
   It prevents spellcasting.
   It prevents most forms of teleportation.
   It protects you from acid and corrosion.
 l - a +2 cloak (worn)
 C - a +2 pair of gloves (worn)
 D - the +1 pair of boots of the Vaults (worn) {SInv}
   (You found it on level 4 of the Depths)

   It enhances your eyesight.
 I - a +2 hat of spirit shield (worn)
 M - a +4 fire dragon armour
 N - a swamp dragon hide
 Z - a storm dragon hide
Jewellery
 c - a cursed -3 ring of strength
 q - the ring of Life (right hand) {rF+ Str+2 Int+3}
   (You found it on level 5 of the Dungeon)

   [ring of protection from fire]

   It affects your strength (+2).
   It affects your intelligence (+3).
   It protects you from fire.
 r - a +5 ring of strength (left hand)
 G - the amulet "Mahaofut" (around neck) {+Fly rN+ Regen+ Str+6 Int-4 Dex+10}
   (You bought it in a shop on level 6 of the Dungeon)

   [amulet of regeneration]

   It affects your strength (+6).
   It affects your intelligence (-4).
   It affects your dexterity (+10).
   It protects you from negative energy.
   It lets you fly.
   It increases your rate of regeneration.
 H - an uncursed amulet of clarity {unknown}
 O - an uncursed ring of protection from magic {unknown}
Magical devices
 e - a wand of digging (5)
 g - a wand of fire (6)
 i - a wand of fire (5)
 t - a wand of paralysis (3)
 u - a wand of teleportation (3)
 y - a wand of slowing (15)
 E - a wand of confusion (7)
Scrolls
 a - 3 scrolls of silence
 f - 5 scrolls of magic mapping
 h - a scroll of blinking
 n - 9 scrolls of identify
 p - a scroll of fear
 v - 26 scrolls of remove curse
 z - a scroll of fog
 K - 2 scrolls of brand weapon
 L - 6 scrolls of amnesia
 U - 22 scrolls of teleportation
 V - 7 scrolls of recharging
 W - 10 scrolls of enchant weapon
Potions
 j - 2 potions of cancellation
 m - 3 potions of flight
 o - 6 potions of agility
 w - a potion of restore abilities
 x - 6 potions of brilliance
 A - 6 potions of magic
 B - 2 potions of resistance
 P - a potion of heal wounds
 R - 4 potions of might
 T - 6 potions of curing
Comestibles
 s - 13 fruits
 X - 8 bread rations


   Skills:
 - Level 20.3 Fighting
 O Level 27 Axes
 O Level 27 Armour
 + Level 22.9 Dodging
   Level 3.6 Shields
 + Level 19.3 Invocations


You had 26 spell levels left.
You didn't know any spells.

Dungeon Overview and Level Annotations

Branches:
Dungeon (15/15)            Temple (1/1) D:6            Lair (8/8) D:11
  Swamp (5/5) Lair:3        Snake (5/5) Lair:3        Slime (3/6) Lair:8
    Orc (4/4) D:9             Elf (3/3) Orc:4        Vaults (5/5) D:13
  Crypt (3/3) Vaults:2       Tomb (0/3) Crypt:3      Depths (5/5) D:15
    Zot (5/5) Depths:5

Altars:
Ashenzari
Cheibriados
Dithmenos
Elyvilon
Fedhas
Gozag
Kikubaaqudgha
Makhleb
Nemelex Xobeh
Okawaru
Qazlal
Ru
Sif Muna
Trog
Vehumet
Xom
Yredelemnul
Zin
The Shining One
Beogh

Shops:
D:6 (=   D:7 }   Orc:3 }   Orc:4 (?}=   Vaults:1 *   Vaults:2 (   Vaults:3 (

Portals:
Hell: Depths:1 Depths:2 Depths:3 Depths:4 Depths:5
Abyss: Depths:1 Depths:2 Depths:4 Depths:5
Pandemonium: Depths:3
Ziggurat: Depths:3
Trove: Depths:2 (give +3 fire dragon armour)

Annotations:
Zot:4 1 exclusion


Innate Abilities, Weirdness & Mutations

You reflexively headbutt those who attack you in melee.
You have a pair of horns on your head.
You are partially covered in iridescent scales (AC +4).
You tend to lose your temper in combat.
Scrolls take you longer to read.
You are clumsy. (Dex -2)
Your body is slowly deteriorating.
You are dopey. (Int -2)
You are very frail (-20% HP).
Your magical capacity is low (-10% MP).
Space sometimes distorts in your vicinity.
You are weak. (Str -2)
You have difficulty communicating with the divine.
You expend magic power (6 MP) to strengthen your wands.


Message History

The Orb Guardian hits you!! The Orb Guardian hits you!
The Orb Guardian hits you!!
You feel a strange sense of stasis. The Orb Guardian barely misses you.
You furiously retaliate!
You headbutt the Orb Guardian. The Orb Guardian misses you.
You furiously retaliate!
You headbutt the Orb Guardian. The Orb Guardian hits you!
The Orb Guardian misses you. You furiously retaliate!
You headbutt the Orb Guardian.
The Orb Guardian hits you but does no damage.
The Orb Guardian hits you!
There is an open door here.
The Orb Guardian closely misses you. You furiously retaliate!
You headbutt the Orb Guardian.
An Orb Guardian comes into view.
There is a staircase leading out of the dungeon here.
The Orb Guardian hits you!!
You have escaped!

#.##.##.)..# ########## #.#
#.##.##....# ###.....####'##
#.##.##(...###....†...##...#
#
#.##.##....##...÷.....#.....
##
##.........3##..##...###.....
.####...#.###...#X÷#######
#..... .'...........##'#'##
#####.....
.####...#.####..X.#
#....(.... ## ##.##.# #..@.#
#......... # ####.#
###.########.........
###.###.#.##....#######...#
#.....#.#.......# ##'##
###.....#.###.....# #.#
#.......#.........# #.#
#.#.....#####.##### ##.##
#####.#.....# #.# ### ##...#
...##.####### #.# ##.##
#.....


You could see 2 Orb Guardians and a soul eater.

Vanquished Creatures
  2 orbs of fire (Zot:5)
  2 ancient liches (Zot:5)
  the Lernaean hydra (Swamp:4)
  Norris (Vaults:1)
  Saint Roka (Orc:4)
  3 Killer Klowns (Zot:5)
  A curse toe (Zot:4)
  3 large abominations
  Mara (Vaults:5)
  9 golden dragons
  A bone dragon (Crypt:3)
  Jory (Vaults:5)
  A profane servitor (Crypt:3)
  A Brimstone Fiend (Zot:5)
  9 tentacled monstrosities
  A Hell Sentinel (Depths:3)
  An Ice Fiend (Vaults:3)
  23 Orb Guardians
  A deep elf master archer (Elf:3)
  2 deep elf blademasters (Elf:3)
  3 titans (Vaults:5)
  2 liches
  An octopode crusher (Depths:1)
  2 acid blobs
  2 ancient champions (Crypt:3)
  2 sphinxes
  2 Executioners
  6 storm dragons
  7 tengu reavers
  Frances (Elf:1)
  2 azure jellies (Slime:2)
  6 shadow dragons
  4 draconian monks
  3 greater nagas
  A revenant (Crypt:3)
  An iron dragon (Depths:5)
  6 frost giants
  11 vault wardens
  5 fire giants
  Maud (Swamp:1)
  A balrug (Depths:3)
  An orc warlord (Depths:3)
  2 draconian knights
  Aizul (Snake:2)
  3 deep elf sorcerers (Elf:3)
  A ghost moth (Zot:4)
  5 ghouls
  6 draconian scorchers
  3 draconian zealots
  The ghost of daftwullie the Thaumaturge, a powerful GrEE of Vehumet (Orc:4)
  Gastronok (Lair:1)
  6 emperor scorpions
  A war gargoyle (Vaults:2)
  7 spriggan defenders
  3 draconian shifters
  2 reapers
  3 draconian annihilators
  7 ironheart preservers
  7 very ugly things
  28 stone giants
  6 draconian callers
  8 green draconians
  2 deep elf demonologists (Elf:3)
  7 grey draconians
  2 deep elf annihilators
  4 lorocyprocas
  7 black draconians
  6 white draconians
  4 vampire knights
  6 dire elephants
  7 yellow draconians
  9 red draconians
  8 pale draconians
  2 mottled draconians
  5 purple draconians
  An unborn (Crypt:3)
  8 deep elf death magi
  3 minotaurs
  28 vault guards
  11 ettins
  Snorg (Swamp:5)
  3 eidola
  A spectral quicksilver dragon (Crypt:3)
  A blizzard demon (Zot:5)
  Josephine (Orc:2)
  7 deep elf high priests
  16 jiangshi
  14 fire dragons
  6 rakshasas
  A hydra (shapeshifter) (Vaults:2)
  13 yaktaur captains
  6 death cobs
  2 anacondas
  A ghost crab (Swamp:5)
  9 great orbs of eyes
  8 ice dragons
  2 naga warriors (Snake:5)
  10 centaur warriors
  7 ogre magi
  11 hydras
  The ghost of hannobal the Spear-Bearer, a powerful FoFi of Ru (D:9)
  A ghost crab (shapeshifter) (Vaults:2)
  9 deep troll earth magi
  2 catoblepae
  5 spriggan air magi
  6 dancing weapons
  32 death yaks
  A death yak (shapeshifter) (Vaults:1)
  6 deep troll shamans
  8 spriggan berserkers
  3 death knights (Crypt:3)
  A shock serpent (shapeshifter) (Elf:1)
  2 naga sharpshooters
  3 orc high priests (Depths:3)
  2 vampire magi
  A shock serpent (Snake:4)
  2 soul eaters
  4 shadow wraiths
  14 deep elf knights
  4 iron trolls
  2 sea snakes
  24 skeletal warriors
  9 hell knights
  3 sun demons (Depths:3)
  2 fire crabs
  2 ice devils
  A death drake (Zot:4)
  A salamander mystic (Depths:1)
  A sea snake (shapeshifter) (Vaults:5)
  A giant orange brain (Vaults:3)
  6 flayed ghosts
  A swamp dragon (shapeshifter) (Depths:3)
  12 ironbrand convokers
  21 deep trolls
  3 naga ritualists
  3 wizards
  13 deep elf summoners
  6 swamp dragons
  Pikel (D:5)
  6 hill giants
  4 necromancers
  An anaconda skeleton (Crypt:2)
  7 harpies
  An iron dragon zombie (Crypt:2)
  5 mana vipers
  2 orc sorcerers
  14 deep elf conjurers
  A draconian zombie (Zot:2)
  An orb spider (Depths:3)
  8 griffons
  14 orc knights
  A hornet (Vaults:2)
  6 manticores
  4 wolf spiders
  7 cyclopes
  A shadow dragon skeleton (Crypt:2)
  2 shining eyes (Slime:1)
  5 salamanders
  A tengu skeleton (Vaults:2)
  6 phantasmal warriors
  33 ugly things
  4 frost giant skeletons
  2 sixfirhies
  An eye of devastation (Slime:2)
  Joseph (D:7)
  6 black mambas
  7 elephants
  6 rust devils
  2 centaur zombies
  11 vault sentinels
  2 gargoyles
  4 naga magi (Snake:5)
  A guardian serpent (shapeshifter) (Vaults:5)
  13 moths of wrath
  4 centaur skeletons
  A queen ant (Lair:1)
  2 smoke demons
  2 purple draconian zombies
  A hellwing (Elf:3)
  A red draconian zombie (Zot:2)
  12 spiny frogs
  4 kobold demonologists
  A mottled draconian zombie (Zot:1)
  44 yaktaurs
  A redback zombie (Crypt:2)
  5 komodo dragons
  2 fire drakes
  2 tengu conjurers
  2 efreet
  A merfolk (shapeshifter) (Vaults:2)
  A catoblepas skeleton (Depths:2)
  A giant leech (shapeshifter) (Vaults:2)
  A red devil (Depths:1)
  6 freezing wraiths
  A jumping spider (Vaults:4)
  2 giant leeches
  15 ravens
  7 deep elf priests
  A sphinx simulacrum (Vaults:2)
  5 trolls
  3 blue devils
  3 bog bodies
  A polar bear (Lair:4)
  2 wind drakes
  A boulder beetle (Vaults:4)
  2 baby alligators (Swamp:1)
  A raven (shapeshifter) (Depths:2)
  An alligator zombie (Crypt:2)
  46 slime creatures
  14 two-headed ogres
  7 blink frogs
  3 shadows
  3 air elementals
  A trapdoor spider (D:14)
  8 redbacks
  11 spriggans
  A fire dragon skeleton (Crypt:2)
  6 vampires
  13 deep elf magi
  35 flying skulls (Crypt:3)
  5 tarantellas
  9 wraiths
  An ettin skeleton (Vaults:2)
  2 neqoxecs
  A wyvern (D:8)
  2 chaos spawn (Elf:3)
  31 deep elf fighters
  A fire elemental (Depths:3)
  Grum (Orc:4)
  29 yaks
  5 wolves
  A mottled dragon (Vaults:2)
  A spectral raven (Swamp:5)
  28 vampire mosquitoes
  5 hungry ghosts
  7 wargs
  8 hippogriffs
  4 insubstantial wisps (Swamp:3)
  A putrid demonspawn zombie (Crypt:1)
  12 swamp worms
  Menkaure (D:5)
  A warg (shapeshifter) (Vaults:2)
  10 water moccasins
  17 nagas
  18 soldier ants (Lair:1)
  3 porcupines
  7 swamp drakes
  3 black bears
  6 small abominations
  3 hell hounds (Depths:5)
  4 sky beasts
  11 wasps
  An ettin simulacrum (Vaults:2)
  An infernal demonspawn skeleton (Crypt:1)
  40 orc warriors
  6 phantoms
  8 necrophages
  The ghost of kraktruk the Chopper, an average MiFi of Yredelemnul (D:3)
  34 ogres
  A black bear (shapeshifter) (Vaults:1)
  6 boggarts
  12 ice beasts
  An eye of draining (Slime:2)
  4 human skeletons (Vaults:2)
  A crocodile (shapeshifter) (Vaults:2)
  A boring beetle (Lair:7)
  Sigmund (D:7)
  10 big kobolds
  23 centaurs
  5 crocodiles
  5 water moccasin zombies (Ossuary)
  A wyvern skeleton (Crypt:1)
  A wyvern zombie (D:8)
  14 giant frogs
  A troll zombie (D:9)
  A scorpion (D:7)
  A hippogriff zombie (Crypt:1)
  3 killer bees (D:10)
  An elf simulacrum (Crypt:3)
  2 elf skeletons
  A quasit (D:8)
  6 wights
  2 electric eels
  A giant frog zombie (D:5)
  8 crimson imps
  A wasp zombie (D:10)
  15 jellies
  28 orc priests
  11 hounds
  3 giant frog skeletons
  6 iguanas
  23 orc wizards
  Natasha (twice) (D:5)
  6 hell rats
  25 worker ants
  A spectral killer bee (Swamp:5)
  3 big kobold zombies (Ossuary)
  6 sheep
  7 ogre zombies (D:9)
  A sky beast zombie (D:10)
  2 hound zombies
  5 mummies
  A worker ant zombie (D:10)
  A hound skeleton (D:4)
  18 adders
  4 gnolls (D:9)
  22 river rats
  3 shadow imps
  5 worms
  A white imp (Vaults:2)
  7 adder zombies
  An adder skeleton (D:5)
  214 orcs
  A ball python (D:7)
  21 goblins
  19 hobgoblins
  31 jackals
  12 quokkas
  16 bats
  4 giant cockroaches
  9 giant geckos
  2 giant gecko zombies
  5 giant newts
  2 gnoll zombies (Ossuary)
  A goblin skeleton (D:9)
  2 goblin zombies
  4 hobgoblin skeletons (D:9)
  10 hobgoblin zombies
  2 jackal skeletons
  39 kobolds
  6 kobold zombies (Ossuary)
  An orc skeleton (D:9)
  22 orc zombies
  A quokka skeleton (D:4)
  A quokka zombie (D:5)
  15 rats
  A briar patch (Swamp:4)
  10 crawling corpses
  16 fungi
  24 plants
2313 creatures vanquished.

Vanquished Creatures (collateral kills)
  2 orbs of fire (Zot:5)
  2 ancient liches
  Sojobo (Depths:2)
  A Killer Klown (Zot:4)
  2 golden dragons (Zot:4)
  An electric golem (Zot:5)
  Nikola (Elf:2)
  A lich (Vaults:3)
  2 tentacled monstrosities
  5 Orb Guardians (Zot:5)
  2 deep elf blademasters (Elf:3)
  A quicksilver dragon (Depths:4)
  A deep elf master archer (Elf:3)
  A titan (Depths:2)
  3 acid blobs
  Rupert (Lair:7)
  3 ancient champions
  2 tengu reavers
  An octopode crusher (Depths:1)
  6 fire giants
  3 storm dragons
  An azure jelly (Slime:1)
  A thorn hunter (Swamp:4)
  9 greater nagas
  Wiglaf (Snake:4)
  A draconian scorcher (Depths:5)
  2 draconian knights
  3 frost giants
  A ghost moth (Zot:4)
  A curse skull (Crypt:2)
  3 draconian zealots
  A deep elf sorcerer (Elf:3)
  An emperor scorpion (Depths:5)
  A cacodemon (Elf:3)
  5 ghouls (Crypt:2)
  6 vault wardens
  4 stone giants
  3 ironheart preservers
  The ghost of Charly the Severer, a mighty VSGl of Makhleb (Snake:5)
  2 draconian callers (Zot:4)
  2 very ugly things (Depths:4)
  A vampire knight (Depths:5)
  4 green draconians
  A deep elf annihilator (Elf:3)
  15 slime creatures
  A purple draconian (Zot:5)
  6 dire elephants
  4 pale draconians
  The ghost of Thomus the Thaumaturge, a powerful DsWz of Xom (D:12)
  A yellow draconian (Zot:4)
  3 white draconians (Zot:4)
  10 vault guards
  2 merfolk javelineers (Depths:2)
  A fire dragon (Depths:2)
  5 yaktaur captains
  2 deep elf death magi (Elf:3)
  3 jiangshi (Crypt:3)
  2 death cobs (Zot:2)
  A green death (Swamp:2)
  2 great orbs of eyes
  Fannar (Elf:2)
  20 hydras
  A deep elf high priest (Vaults:5)
  4 ice dragons
  A spriggan air mage (Depths:2)
  11 naga warriors
  A catoblepas (Depths:5)
  A centaur warrior (Vaults:2)
  12 death yaks
  4 rakshasas
  9 dancing weapons (Elf:2)
  A deep troll earth mage (Depths:4)
  9 anacondas
  2 deep troll shamans
  3 vampire magi
  5 ogre magi
  A spectral storm dragon (Crypt:3)
  3 alligators
  15 naga sharpshooters
  2 spriggan berserkers
  A hell knight (Depths:5)
  8 shock serpents
  3 deep trolls
  6 skeletal warriors
  A soul eater (Snake:5)
  3 fire crabs (Vaults:3)
  6 sea snakes
  A wizard (D:15)
  11 deep elf knights
  2 salamander mystics (Snake:5)
  An unseen horror (D:15)
  A storm dragon skeleton (Crypt:2)
  6 swamp dragons
  A flayed ghost (Crypt:2)
  A shadow wraith (Vaults:5)
  2 necromancers
  A spriggan druid (Swamp:4)
  A wolf spider zombie (D:14)
  4 shambling mangroves
  A sphinx zombie (Crypt:1)
  11 naga ritualists
  12 mana vipers
  An orb spider (Depths:3)
  A phantasmal warrior (Crypt:1)
  4 deep elf conjurers
  5 orc knights
  3 hornets
  7 ironbrand convokers
  A sixfirhy (Zot:4)
  3 cyclopes
  2 hill giants
  3 orc sorcerers (D:15)
  3 shining eyes
  A griffon (Lair:8)
  2 manticores
  An orb spider (shapeshifter) (D:14)
  14 salamanders
  15 elephants
  13 ugly things
  A human skeleton (Vaults:2)
  A guardian serpent (Snake:5)
  9 moths of wrath
  28 black mambas
  A stone giant skeleton (Depths:2)
  A rust devil (Zot:2)
  7 vault sentinels
  A queen ant (shapeshifter) (Vaults:5)
  2 tengu conjurers
  A centaur skeleton (D:13)
  21 naga magi
  12 spiny frogs
  An emperor scorpion zombie (Crypt:1)
  5 komodo dragons
  A demonic crawler (Elf:3)
  9 yaktaurs
  A kobold demonologist (Vaults:2)
  2 hellions
  2 freezing wraiths
  A fire drake (Lair:7)
  A giant leech (Swamp:5)
  A harpy zombie (D:15)
  A troll (D:15)
  5 deep elf priests
  9 ravens
  A frost giant simulacrum (Crypt:2)
  15 blink frogs
  7 two-headed ogres
  A baby alligator (Swamp:1)
  A trapdoor spider zombie (D:13)
  3 bog bodies
  A centaur simulacrum (D:15)
  12 flying skulls (Crypt:3)
  A hornet zombie (D:15)
  An air elemental (Depths:2)
  An elf skeleton (Depths:2)
  A griffon skeleton (Crypt:2)
  11 redbacks
  6 spriggans
  40 yaks
  A yak (shapeshifter) (Depths:1)
  A water elemental (Depths:2)
  10 deep elf magi
  3 wraiths
  A wyvern (Lair:5)
  A vampire (Crypt:3)
  A shadow (Swamp:2)
  A human (D:13)
  3 tarantellas
  16 vampire mosquitoes
  12 swamp worms
  21 deep elf fighters
  A harpy simulacrum (Crypt:3)
  4 hippogriffs
  38 nagas
  7 wolves
  3 insubstantial wisps (Swamp:3)
  19 water moccasins
  2 soldier ants (Lair:1)
  A hydra simulacrum (Crypt:2)
  5 ice beasts
  A torturous demonspawn skeleton (Crypt:2)
  A boggart (Depths:2)
  2 necrophages
  9 swamp drakes
  7 ogres
  3 porcupines
  3 sky beasts
  9 orc warriors
  6 wasps
  A boring beetle (Lair:8)
  12 crocodiles
  7 centaurs
  10 giant frogs
  A big kobold (Vaults:2)
  2 scorpions
  9 electric eels
  2 crimson imps
  5 hounds
  2 jellies
  2 orc priests
  2 iguanas
  6 worker ants
  6 orc wizards
  A hell rat (Elf:3)
  15 sheep
  A porcupine skeleton (Crypt:1)
  A mummy (D:11)
  A worker ant zombie (D:11)
  29 river rats
  11 adders
  A white imp (Depths:2)
  A halfling zombie (Crypt:2)
  52 orcs
  A bat skeleton (Crypt:2)
  2 goblins
  A hobgoblin (Orc:4)
  A jackal (D:11)
  5 quokkas
  A hobgoblin zombie (Crypt:2)
  A kobold (Vaults:2)
  8 briar patches (Swamp:4)
  2 bushes
  2 butterflies (Lair:8)
  2 crawling corpses (Elf:3)
  46 fungi
  67 plants
1162 creatures vanquished.

Vanquished Creatures (others)
  9 profane servitors
  4 bone dragons
  An eldritch tentacle (Zot:5)
  13 ghouls
  A stone giant (Vaults:2)
  14 death cobs
  A dancing weapon (Elf:2)
  A storm dragon zombie (Zot:5)
  11 skeletal warriors
  A ball lightning (Snake:5)
  2 golden dragon zombies (Zot:4)
  3 flayed ghosts
  A stone giant zombie (Depths:5)
  15 phantasmal warriors
  2 draconian zombies
  A black mamba (Snake:5)
  A yellow draconian zombie (Zot:5)
  A naga mage (Snake:5)
  A grey draconian zombie (Zot:5)
  A deep elf priest (Elf:2)
  3 moth of wrath zombies
  12 vampires
  2 wraiths
  5 flying skulls
  2 nagas (Snake:5)
  A swamp drake (Zot:4)
  A human (D:5)
  9 lost souls
  3 wights
  2 orc priests
  2 mummies
  Natasha (D:5)
  A bat (D:5)
  A giant spore (D:8)
  2 briar patches (Swamp:4)
  71 eldritch tentacle segments (Zot:5)
  6 fungi
  4 plants
212 creatures vanquished.

Grand Total: 3687 creatures vanquished

Notes
Turn   | Place    | Note
--------------------------------------------------------------
     0 | D:1      | kraktruk, the Minotaur Fighter, began the quest for the Orb.
     0 | D:1      | Reached XP level 1. HP: 19/19 MP: 1/1
   551 | D:1      | Reached XP level 2. HP: 26/26 MP: 1/1
   836 | D:1      | Reached skill level 4 in Axes
  1230 | D:1      | Reached XP level 3. HP: 27/31 MP: 2/2
  1452 | D:2      | Reached skill level 5 in Axes
  1707 | D:2      | Reached XP level 4. HP: 39/39 MP: 2/2
  2408 | D:2      | Reached skill level 6 in Axes
  2784 | D:3      | Reached XP level 5. HP: 43/45 MP: 2/2
  3056 | D:3      | Noticed kraktruk's ghost (average MiFi)
  3070 | D:3      | Killed kraktruk's ghost
  3070 | D:3      | Reached skill level 7 in Axes
  3070 | D:3      | Reached XP level 6. HP: 37/51 MP: 3/3
  3700 | D:4      | Reached skill level 8 in Axes
  3877 | D:4      | Found a sand-covered staircase.
  3897 | Ossuary  | Entered an ossuary
  3929 | Ossuary  | Reached skill level 9 in Axes
  3940 | Ossuary  | Reached XP level 7. HP: 52/57 MP: 3/3
  4089 | Ossuary  | Reached skill level 10 in Axes
  4502 | D:4      | Found an ancient bone altar of Kikubaaqudgha.
  4503 | D:4      | Found an iron altar of Okawaru.
  4504 | D:4      | Found a sparkling altar of Nemelex Xobeh.
  4840 | D:4      | Reached skill level 15 in Axes
  4840 | D:4      | Reached XP level 8. HP: 64/64 MP: 3/3
  4844 | D:5      | Entered Level 5 of the Dungeon
  5021 | D:5      | Got a heavily runed glass ring
  5032 | D:5      | Identified the ring of Life {rF+ Str+2 Int+3} (You found it on level 5 of the Dungeon)
  5113 | D:5      | Noticed Menkaure
  5119 | D:5      | Killed Menkaure
  5409 | D:5      | Noticed Pikel
  5427 | D:5      | Killed Pikel
  5427 | D:5      | Reached XP level 9. HP: 53/70 MP: 4/4
  5428 | D:5      | Found an ancient bone altar of Kikubaaqudgha.
  5454 | D:5      | Noticed Natasha
  5461 | D:5      | Killed Natasha
  5700 | D:5      | Killed Natasha
  5904 | D:6      | Found a shadowy altar of Dithmenos.
  6156 | D:6      | Found Kotwuj's Antique Weapon Boutique.
  6233 | D:6      | Found a staircase to the Ecumenical Temple.
  6255 | Temple   | Entered the Ecumenical Temple
  6275 | Temple   | Became a worshipper of Yredelemnul the Dark
  6559 | D:6      | Found Ricuogiudo's Jewellery Emporium.
  6839 | D:7      | Found a shimmering altar of Xom.
  6848 | D:7      | Reached skill level 16 in Axes
  6866 | D:7      | Noticed Joseph
  6892 | D:7      | Killed Joseph
  7172 | D:7      | Found Churad's Gadget Boutique.
  7728 | D:7      | Noticed Sigmund
  7741 | D:7      | Killed Sigmund
  7882 | D:7      | Reached XP level 10. HP: 70/77 MP: 4/4
  7968 | D:7      | Noticed a hill giant
  7977 | D:7      | Killed a hill giant
  7977 | D:7      | Reached skill level 17 in Axes
  8740 | D:9      | Acquired Yredelemnul's first power
  8790 | D:9      | Found a staircase to the Orcish Mines.
  8943 | D:9      | Noticed hannobal's ghost (powerful FoFi)
  8997 | D:10     | Entered Level 10 of the Dungeon
  8998 | D:10     | Noticed a hill giant
  9009 | D:10     | Killed a hill giant
  9371 | D:9      | Found a deep blue altar of Sif Muna.
  9471 | D:9      | Reached skill level 18 in Axes
  9571 | D:9      | Killed hannobal's ghost
  9571 | D:9      | Reached XP level 11. HP: 55/82 MP: 4/4
  9680 | D:9      | Acquired Yredelemnul's second power
  9825 | D:10     | Noticed a centaur warrior
  9841 | D:10     | Killed a centaur warrior
 10033 | D:10     | Reached skill level 19 in Axes
 10154 | D:10     | Acquired Yredelemnul's third power
 10403 | D:10     | Received a gift from Yredelemnul
 11107 | D:11     | Received a gift from Yredelemnul
 11148 | D:11     | Found a staircase to the Lair.
 11304 | D:11     | Reached skill level 20 in Axes
 11845 | Orc:1    | Entered Level 1 of the Orcish Mines
 11886 | Orc:1    | Acquired Yredelemnul's fourth power
 12115 | Orc:1    | Received a gift from Yredelemnul
 12496 | D:6      | Bought the amulet "Mahaofut" {+Fly rN+ Regen+ Str+6 Int-4 Dex+10} for 685 gold pieces
 12768 | Orc:1    | Found a roughly hewn altar of Beogh.
 13199 | Orc:2    | Received a gift from Yredelemnul
 13452 | Orc:3    | Acquired Yredelemnul's fifth power
 13466 | Orc:3    | Received a gift from Yredelemnul
 13577 | Orc:3    | Found Jiomixox's Gadget Emporium.
 13705 | Orc:3    | Received a gift from Yredelemnul
 13908 | Orc:4    | Entered Level 4 of the Orcish Mines
 13921 | Orc:4    | Noticed a centaur warrior
 14094 | Orc:4    | Killed a centaur warrior
 14094 | Orc:4    | Reached skill level 5 in Fighting
 14094 | Orc:4    | Reached XP level 12. HP: 79/94 MP: 5/5
 14131 | Orc:4    | Noticed Grum
 14205 | Orc:4    | Killed Grum
 14343 | Orc:4    | Found a staircase to the Elven Halls.
 14363 | Orc:4    | Received a gift from Yredelemnul
 14400 | Orc:4    | Reached skill level 10 in Armour
 14429 | Orc:4    | Noticed a centaur warrior
 14451 | Orc:4    | Killed a centaur warrior
 14482 | Orc:4    | Noticed daftwullie's ghost (powerful GrEE)
 14490 | Orc:4    | HP: 4/100 [daftwullie's ghost/bolt of magma (14)]
 14814 | Orc:3    | Received a gift from Yredelemnul
 15357 | Orc:2    | Noticed Josephine
 15364 | Orc:2    | Killed Josephine
 15519 | Orc:2    | Received a gift from Yredelemnul
 16054 | Orc:4    | Killed daftwullie's ghost
 16108 | Orc:4    | Noticed Saint Roka
 16256 | Orc:4    | Received a gift from Yredelemnul
 16261 | Orc:4    | Reached skill level 10 in Fighting
 16680 | D:11     | Noticed an eight-headed hydra
 16692 | D:11     | Killed a 13-headed hydra
 16916 | Lair:1   | Entered Level 1 of the Lair of Beasts
 17363 | Lair:1   | Received a gift from Yredelemnul
 17371 | Lair:1   | Reached XP level 13. HP: 111/115 MP: 5/5
 17439 | Lair:1   | Received a gift from Yredelemnul
 17783 | Lair:1   | Noticed Gastronok
 17798 | Lair:1   | Killed Gastronok
 17815 | Lair:1   | Identified the Papyrus of Ashen Shape Shifting
 18128 | Lair:2   | Received a gift from Yredelemnul
 18319 | Lair:2   | Received a gift from Yredelemnul
 18710 | Lair:2   | Reached skill level 1 in Dodging
 18973 | Lair:3   | Received a gift from Yredelemnul
 19004 | Lair:3   | Found a staircase to the Snake Pit.
 19098 | Lair:3   | Found a staircase to the Swamp.
 19662 | Lair:4   | Received a gift from Yredelemnul
 19750 | Lair:4   | Received a gift from Yredelemnul
 20100 | Lair:4   | Received a gift from Yredelemnul
 20586 | Lair:5   | Got a bloodstained war axe
 20600 | Lair:5   | Identified the +7 war axe of Discomfort {chop, rC++ SInv Stlth+} (You found it on level 5 of the Lair of Beasts)
 21288 | Lair:6   | Reached XP level 14. HP: 130/130 MP: 5/5
 21333 | Lair:6   | Received a gift from Yredelemnul
 22131 | Lair:7   | Received a gift from Yredelemnul
 22331 | Lair:7   | Noticed Rupert
 22342 | Lair:7   | Killed Rupert
 22342 | Lair:7   | Reached skill level 5 in Dodging
 22972 | Lair:7   | Received a gift from Yredelemnul
 23585 | Lair:8   | Entered Level 8 of the Lair of Beasts
 23586 | Lair:8   | Found a staircase to the Slime Pits.
 23601 | Lair:8   | Got a steaming chain mail
 23618 | Lair:8   | Received a gift from Yredelemnul
 23660 | Lair:8   | Identified the +1 chain mail of Focus {MR+ Int+5 Dex+3} (You found it on level 8 of the Lair of Beasts)
 23766 | Lair:8   | Received a gift from Yredelemnul
 24344 | Lair:8   | Identified a scroll of acquirement
 24345 | Lair:8   | Got a steaming executioner's axe
 24346 | Lair:8   | Identified the +3 executioner's axe "Umicuthro" {freeze, MR+ Dex+3} (You acquired it on level 8 of the Lair of Beasts)
 24447 | Lair:8   | Received a gift from Yredelemnul
 24965 | Orc:4    | Killed Saint Roka
 24965 | Orc:4    | Reached skill level 15 in Fighting
 25088 | Orc:4    | Found Yqupsit's Gadget Shop.
 25088 | Orc:4    | Found Coggaum's Magic Scroll Emporium.
 25091 | Orc:4    | Found Prits' Weapon Shoppe.
 25093 | Orc:4    | Found Ilaledd's Jewellery Boutique.
 25958 | D:12     | Received a gift from Yredelemnul
 26314 | D:12     | Noticed Thomus' ghost (powerful DsWz)
 26325 | D:12     | Killed Thomus' ghost
 27274 | D:13     | Reached skill level 15 in Armour
 27341 | D:13     | Found a gate to the Vaults.
 27539 | D:13     | Received a gift from Yredelemnul
 27752 | D:13     | Found a gateway to a bazaar.
 27761 | Bazaar   | Entered a bazaar
 27775 | Bazaar   | Found Praank's Magic Scroll Emporium.
 27776 | Bazaar   | Found Kuch's Antique Armour Emporium.
 27812 | Bazaar   | Found Tratt's Distillery.
 27812 | Bazaar   | Found Hytoid's Gadget Shoppe.
 27843 | Bazaar   | Bought a potion of curing for 36 gold pieces
 27843 | Bazaar   | Bought a potion of berserk rage for 60 gold pieces
 27843 | Bazaar   | Bought a potion of berserk rage for 60 gold pieces
 27843 | Bazaar   | Bought a potion of curing for 36 gold pieces
 28038 | D:13     | Reached XP level 15. HP: 143/143 MP: 6/6
 28620 | D:14     | Received a gift from Yredelemnul
 29477 | D:15     | Entered Level 15 of the Dungeon
 29493 | D:15     | Found a glowing silver altar of Zin.
 29961 | D:15     | Received a gift from Yredelemnul
 29984 | D:15     | Found a staircase to the Depths.
 30744 | Snake:1  | Entered Level 1 of the Snake Pit
 30995 | Snake:1  | Received a gift from Yredelemnul
 31789 | Snake:2  | Noticed Aizul
 31798 | Snake:2  | Killed Aizul
 31810 | Snake:2  | Received a gift from Yredelemnul
 32617 | Snake:3  | Received a gift from Yredelemnul
 32818 | Snake:3  | Got a smoking executioner's axe
 32819 | Snake:3  | Identified the +5 executioner's axe of the Reaper {drain, rF+ Dex+2} (You acquired it on level 3 of the Snake Pit)
 32999 | Snake:4  | Received a gift from Yredelemnul
 33180 | Snake:4  | Noticed Wiglaf
 33185 | Snake:4  | Killed Wiglaf
 33547 | Snake:4  | Reached XP level 16. HP: 136/155 MP: 6/6
 34148 | Snake:4  | Received a gift from Yredelemnul
 34276 | Snake:5  | Entered Level 5 of the Snake Pit
 34454 | Snake:5  | Received a gift from Yredelemnul
 34506 | Snake:5  | Received a gift from Yredelemnul
 34512 | Snake:5  | Reached skill level 10 in Dodging
 34572 | Snake:5  | Killed Charly's ghost
 34647 | Snake:5  | Received a gift from Yredelemnul
 34664 | Snake:5  | Gained mutation: Armour fits poorly on your strangely shaped body. [the power of Zot]
 34676 | Snake:5  | Gained mutation: You are frail (-10% HP). [the power of Zot]
 34676 | Snake:5  | Gained mutation: Space occasionally distorts in your vicinity. [the power of Zot]
 34700 | Snake:5  | Received a gift from Yredelemnul
 35068 | Snake:5  | Received a gift from Yredelemnul
 35284 | Snake:5  | Received a gift from Yredelemnul
 35297 | Snake:5  | Got a serpentine rune of Zot
 37655 | Slime:1  | Entered Level 1 of the Pits of Slime
 37805 | Swamp:1  | Entered Level 1 of the Swamp
 37996 | Swamp:1  | Received a gift from Yredelemnul
 38248 | Swamp:1  | Received a gift from Yredelemnul
 38423 | Swamp:1  | Noticed Maud
 38435 | Swamp:1  | Killed Maud
 38941 | Swamp:2  | Found a frozen archway.
 38943 | Swamp:2  | Reached XP level 17. HP: 151/151 MP: 6/6
 39610 | Swamp:3  | Received a gift from Yredelemnul
 39824 | Swamp:4  | Paralysed by a hornet for 4 turns
 39860 | Swamp:4  | Received a gift from Yredelemnul
 40218 | Swamp:4  | Received a gift from Yredelemnul
 40678 | Swamp:5  | Entered Level 5 of the Swamp
 40993 | Swamp:5  | Received a gift from Yredelemnul
 41011 | Swamp:5  | Noticed the 27-headed Lernaean hydra
 41026 | Swamp:4  | Killed the 26-headed Lernaean hydra
 41026 | Swamp:4  | Received a gift from Yredelemnul
 41383 | Swamp:5  | Noticed Snorg
 41393 | Swamp:5  | Killed Snorg
 41446 | Swamp:5  | Got a decaying rune of Zot
 42079 | Vaults:1 | Entered Level 1 of the Vaults
 42333 | Vaults:1 | Noticed Norris
 42367 | Vaults:1 | Killed Norris
 43144 | Vaults:1 | Received a gift from Yredelemnul
 43287 | Vaults:1 | Found Owuast's General Store.
 43346 | Vaults:1 | Bought a scroll of enchant armour for 97 gold pieces
 43752 | Vaults:2 | Reached XP level 18. HP: 142/161 MP: 4/7
 43769 | Vaults:2 | Found a staircase to the Crypt.
 43822 | Vaults:2 | Received a gift from Yredelemnul
 43855 | Vaults:2 | Reached skill level 21 in Axes
 44517 | Vaults:2 | Received a gift from Yredelemnul
 44553 | Vaults:2 | Reached skill level 22 in Axes
 44749 | Vaults:2 | Noticed a tentacled monstrosity
 44755 | Vaults:2 | Killed a tentacled monstrosity
 44837 | Vaults:2 | Received a gift from Yredelemnul
 45234 | Vaults:2 | Found Estaocha's Antique Weapon Shoppe.
 45391 | Vaults:2 | Received a gift from Yredelemnul
 45403 | Vaults:2 | Reached skill level 23 in Axes
 46179 | Vaults:3 | Received a gift from Yredelemnul
 46247 | Vaults:3 | Found Obriemp's Weapon Shop.
 46616 | Vaults:3 | Received a gift from Yredelemnul
 46988 | Vaults:3 | Noticed a lich
 46996 | Vaults:3 | Killed a lich
 47247 | Vaults:3 | Reached XP level 19. HP: 165/168 MP: 7/7
 47359 | Vaults:3 | Received a gift from Yredelemnul
 47874 | Vaults:4 | Reached skill level 24 in Axes
 49152 | Vaults:4 | Received a gift from Yredelemnul
 49929 | Elf:1    | Entered Level 1 of the Elven Halls
 49935 | Elf:1    | Received a gift from Yredelemnul
 50133 | Lair:2   | Gained mutation: Your magical capacity is low (-10% MP). [potion of mutation]
 50133 | Lair:2   | Gained mutation: You are partially covered in iridescent scales (AC +4). [potion of mutation]
 51786 | Elf:1    | Noticed Frances
 51787 | Elf:1    | Gained mutation: You are clumsy. (Dex -2) [a neqoxec]
 51788 | Elf:1    | Gained mutation: You are weak. (Str -2) [a neqoxec]
 51796 | Elf:1    | Killed Frances
 51796 | Elf:1    | Reached skill level 25 in Axes
 52250 | Elf:2    | Received a gift from Yredelemnul
 52281 | Elf:2    | Found a runed gate.
 52295 | Elf:2    | Found a runed gate.
 52296 | Elf:2    | Found a runed gate.
 52305 | Elf:2    | Noticed Fannar
 52316 | Elf:2    | Killed Fannar
 52508 | Elf:2    | Received a gift from Yredelemnul
 52710 | Elf:2    | Noticed Nikola
 52721 | Elf:2    | Killed Nikola
 53195 | Elf:3    | Entered Level 3 of the Elven Halls
 53242 | Elf:3    | Received a gift from Yredelemnul
 53411 | Elf:3    | Reached skill level 26 in Axes
 53583 | Elf:3    | Reached XP level 20. HP: 174/174 MP: 6/6
 53583 | Elf:3    | Received a gift from Yredelemnul
 53707 | Elf:3    | Identified the Collected Works on Black Arts
 53713 | Elf:3    | Identified the Guide on the Quantum Blaze
 53720 | Elf:3    | Got a steaming platinum ring
 53796 | Elf:3    | Identified the ring "Twuwakei" {rN+ Stlth+} (You found it on level 3 of the Elven Halls)
 53815 | Elf:3    | Identified the Volume of the Forsaken Dances (You found it on level 3 of the Elven Halls)
 53899 | Elf:3    | Reached XP level 21. HP: 181/181 MP: 6/16
 54811 | Elf:3    | Received a gift from Yredelemnul
 54824 | Elf:3    | Reached skill level 27 in Axes
 55292 | Elf:3    | Got an ancient halberd
 55293 | Elf:3    | Identified the +8 halberd of Reoxt {freeze, Dex+4 Stlth-} (You found it on level 3 of the Elven Halls)
 55833 | Vaults:1 | Bought a beef jerky for 19 gold pieces
 55833 | Vaults:1 | Bought a meat ration for 65 gold pieces
 55833 | Vaults:1 | Bought a bread ration for 65 gold pieces
 56085 | Vaults:5 | Entered Level 5 of the Vaults
 56098 | Vaults:5 | Received a gift from Yredelemnul
 56117 | Vaults:5 | Reached skill level 5 in Invocations
 56122 | Vaults:5 | Received a gift from Yredelemnul
 56273 | Vaults:5 | Noticed an ancient lich
 56280 | Vaults:5 | Killed an ancient lich
 56412 | Vaults:5 | Received a gift from Yredelemnul
 56576 | Vaults:5 | Received a gift from Yredelemnul
 56586 | Vaults:5 | Noticed Mara
 56587 | Vaults:5 | Noticed kraktruk's illusion
 56787 | Vaults:5 | Reached XP level 22. HP: 170/189 MP: 21/24
 56861 | Vaults:5 | Got a silver rune of Zot
 56989 | Vaults:5 | Killed Mara
 57154 | Vaults:5 | Noticed Jory
 57167 | Vaults:5 | Killed Jory
 57218 | Vaults:5 | Received a gift from Yredelemnul
 57650 | Vaults:5 | Reached skill level 15 in Dodging
 58147 | Crypt:1  | Entered Level 1 of the Crypt
 58443 | Crypt:1  | Got a warped pewter ring
 58974 | Crypt:2  | Received a gift from Yredelemnul
 59721 | Crypt:3  | Entered Level 3 of the Crypt
 59724 | Crypt:3  | Reached skill level 10 in Invocations
 60133 | Crypt:3  | Identified the ring "Pnarph" {MR+ Int+4} (You found it on level 1 of the Crypt)
 60263 | Crypt:3  | Found an ancient bone altar of Kikubaaqudgha.
 60636 | Crypt:3  | Reached XP level 23. HP: 195/195 MP: 27/27
 60742 | Crypt:3  | Got a pitted bronze ring
 60757 | Crypt:3  | Identified the ring "Hyniger" {rElec rF- MR+ EV+3 Str+4} (You found it on level 3 of the Crypt)
 60891 | Crypt:3  | Found a staircase to the Tomb.
 61409 | Depths:1 | Entered Level 1 of the Depths
 61646 | Depths:1 | Received a gift from Yredelemnul
 61880 | Depths:1 | Received a gift from Yredelemnul
 61958 | Depths:1 | Received a gift from Yredelemnul
 61996 | Depths:1 | Found a one-way gate to the infinite horrors of the Abyss.
 62058 | Depths:1 | Found a gateway to Hell.
 62322 | Depths:1 | Received a gift from Yredelemnul
 63242 | Depths:2 | Noticed Sojobo
 63246 | Depths:2 | Received a gift from Yredelemnul
 63258 | Depths:2 | Killed Sojobo
 63529 | Depths:2 | Found a portal to a secret trove of treasure.
 63704 | Depths:2 | Received a gift from Yredelemnul
 63943 | Depths:3 | Received a gift from Yredelemnul
 63976 | Depths:3 | Found a one-way gate leading to the halls of Pandemonium.
 63983 | Depths:2 | HP: 9/195 [something (23)]
 64654 | Depths:3 | Found a large runed door.
 64656 | Depths:3 | Found a large runed door.
 64838 | Depths:3 | Reached XP level 24. HP: 104/202 MP: 17/30
 64888 | Depths:3 | Found a gateway to a ziggurat.
 65542 | Depths:3 | Received a gift from Yredelemnul
 65562 | Depths:3 | Received a gift from Yredelemnul
 66096 | Depths:3 | Received a gift from Yredelemnul
 66345 | Depths:3 | Got a bloodstained helmet
 66670 | Depths:2 | Identified the +1 helmet of the Cast Vote {rPois rCorr Dex+3} (You found it on level 3 of the Depths)
 66671 | Depths:2 | Lost mutation: You are frail (-10% HP). [potion of cure mutation]
 66671 | Depths:2 | Lost mutation: Your magical capacity is low (-10% MP). [potion of cure mutation]
 66671 | Depths:2 | Lost mutation: You are clumsy. (Dex -2) [potion of cure mutation]
 66671 | Depths:2 | Lost mutation: Armour fits poorly on your strangely shaped body. [potion of cure mutation]
 66671 | Depths:2 | Lost mutation: You are weak. (Str -2) [potion of cure mutation]
 67259 | Slime:1  | Gained mutation: Scrolls take you a little longer to read. [a shining eye]
 67260 | Slime:1  | Gained mutation: You are frail (-10% HP). [a shining eye]
 67269 | Slime:1  | Gained mutation: Space sometimes distorts in your vicinity. [a shining eye]
 67279 | Slime:1  | Gained mutation: You tend to lose your temper in combat. [a shining eye]
 67280 | Slime:1  | Gained mutation: You are weak. (Str -2) [a shining eye]
 67793 | Slime:2  | Received a gift from Yredelemnul
 67825 | Slime:2  | Gained mutation: Your body is slowly deteriorating. [a shining eye]
 67827 | Slime:2  | Gained mutation: Your magical capacity is low (-10% MP). [a shining eye]
 67829 | Slime:2  | Gained mutation: Scrolls take you longer to read. [a shining eye]
 68183 | Slime:1  | Gained mutation: You are very weak. (Str -4) [a shining eye]
 68186 | Slime:1  | Gained mutation: You are clumsy. (Dex -2) [a shining eye]
 68200 | Slime:1  | Noticed an acid blob
 68208 | Slime:1  | Killed an acid blob
 68230 | Slime:1  | Noticed an acid blob
 68237 | Slime:1  | Killed an acid blob
 69136 | D:5      | Noticed Natasha
 69140 | D:5      | Killed Natasha
 69384 | D:9      | Received a gift from Yredelemnul
 69875 | Depths:4 | Received a gift from Yredelemnul
 70007 | Depths:4 | Got a pair of smoking boots
 70010 | Depths:4 | Identified the +1 pair of boots of the Vaults {SInv} (You found it on level 4 of the Depths)
 70791 | Depths:4 | Received a gift from Yredelemnul
 71528 | Depths:5 | Entered Level 5 of the Depths
 71534 | Depths:5 | Reached skill level 15 in Invocations
 71704 | Depths:5 | Received a gift from Yredelemnul
 71709 | Depths:5 | Reached XP level 25. HP: 185/209 MP: 28/32
 72106 | Depths:5 | Lost intelligence.
 72140 | Depths:5 | Found a gate to the Realm of Zot.
 72212 | Depths:5 | HP: 2/209 [white draconian/chilling blast (31)]
 72905 | Depths:5 | Received a gift from Yredelemnul
 73464 | Zot:1    | Entered Level 1 of the Realm of Zot
 73566 | Zot:1    | Received a gift from Yredelemnul
 74290 | Zot:1    | Gained mutation: You are dopey. (Int -2) [a neqoxec]
 74565 | Zot:1    | Received a gift from Yredelemnul
 74648 | Zot:1    | Lost mutation: You are very weak. (Str -4) [potion of beneficial mutation]
 74910 | Zot:2    | Received a gift from Yredelemnul
 75165 | Zot:2    | Received a gift from Yredelemnul
 75454 | Zot:3    | Found a blossoming altar of Fedhas.
 75461 | Zot:3    | Found a glowing golden altar of the Shining One.
 75474 | Zot:3    | Found a basalt altar of Yredelemnul.
 75496 | Zot:4    | Reached XP level 26. HP: 216/216 MP: 33/33
 75504 | Zot:4    | Noticed an orb of fire
 76544 | Zot:4    | Lost intelligence.
 76698 | Zot:4    | Received a gift from Yredelemnul
 76995 | Zot:5    | Entered Level 5 of the Realm of Zot
 77198 | Zot:5    | Noticed an ancient lich
 77202 | Zot:5    | Killed an ancient lich
 77214 | Zot:5    | Noticed an ancient lich
 77223 | Zot:5    | Killed an ancient lich
 77228 | Zot:5    | Noticed an ancient lich
 77229 | Zot:5    | Noticed an orb of fire
 77236 | Zot:5    | Killed an orb of fire
 77244 | Zot:5    | Noticed an orb of fire
 77445 | Zot:5    | Received a gift from Yredelemnul
 77452 | Zot:5    | Gained mutation: You expend magic power (3 MP) to slightly strengthen your wands. [an orb of fire]
 77455 | Zot:5    | Killed an orb of fire
 77471 | Zot:5    | Killed an ancient lich
 77632 | Zot:5    | Noticed an orb of fire
 77637 | Zot:5    | Gained mutation: You are very frail (-20% HP). [an orb of fire]
 77654 | Zot:5    | Killed an orb of fire
 77660 | Zot:5    | Noticed an orb of fire
 77665 | Zot:5    | Gained mutation: You have difficulty communicating with the divine. [an orb of fire]
 77671 | Zot:5    | Gained mutation: You expend magic power (6 MP) to strengthen your wands. [an orb of fire]
 77672 | Zot:5    | Killed an orb of fire
 78030 | Zot:5    | Reached skill level 27 in Armour
 78158 | Zot:5    | Reached XP level 27. HP: 183/197 MP: 32/35
 78215 | Zot:5    | Got the Orb of Zot
 78245 | Zot:5    | Received a gift from Yredelemnul
 78952 | D:$      | Escaped with the Orb!

Action                   |  1- 3 |  4- 6 |  7- 9 | 10-12 | 13-15 | 16-18 | 19-21 | 22-24 | 25-27 || total
-------------------------+-------+-------+-------+-------+-------+-------+-------+-------+-------++-------
Melee: War axe           |   104 |   161 |   323 |  1061 |   276 |       |       |       |       ||  1925
       Unarmed           |       |       |       |     1 |       |       |       |       |       ||     1
       Battleaxe         |       |       |       |       |   145 |       |       |       |       ||   145
       Executioner's axe |       |       |       |       |   253 |   663 |   615 |  1241 |   837 ||  3609
Throw: Tomahawk          |       |       |       |     2 |       |       |       |       |       ||     2
Invok: Recall Undead Sla |       |       |       |     4 |    30 |    31 |    16 |     2 |     5 ||    88
       Stop Recall       |       |       |       |       |    19 |     7 |     4 |       |       ||    30
       Animate Dead      |       |       |       |       |       |     1 |       |     1 |    20 ||    22
       Injury Mirror     |       |       |       |       |       |       |       |     2 |       ||     2
 Abil: Evoke Flight      |       |       |       |       |       |     9 |       |     4 |       ||    13
Evoke: Wand              |       |       |       |     1 |       |       |       |       |       ||     1
  Use: Scroll            |     3 |     4 |     9 |    16 |    22 |     4 |    11 |    14 |     3 ||    86
       Potion            |       |     4 |    12 |    13 |     5 |     8 |     3 |    10 |    11 ||    66
 Stab: Distracted        |       |       |       |     2 |    23 |    17 |    17 |    43 |    19 ||   121
       Confused          |       |       |       |       |       |       |       |       |     2 ||     2
  Eat: Bread ration      |     1 |     1 |       |     2 |     8 |     3 |     3 |       |     6 ||    24
       Meat ration       |       |     1 |     3 |     5 |     1 |     5 |     3 |     9 |     2 ||    29
       Beef jerky        |       |       |       |     5 |     1 |     4 |     2 |     1 |       ||    13
       Pizza             |       |       |       |     1 |       |     4 |     4 |     2 |     3 ||    14
       Fruit             |       |       |       |       |    15 |     4 |     3 |     9 |       ||    31
       Royal jelly       |       |       |       |       |     1 |     1 |     2 |       |       ||     4
